 Dungeon Crawl Stone Soup version 0.27.0-1-g7a089689b8 (webtiles) character file.

Game seed: 10210955784262692055

237 MajorAdolf the Sneak (level 6, -1/55 HPs)
             Began as a Naga Wanderer on Aug 12, 2021.
             Slain by a gnoll (5 damage)
             ... on level 3 of the Dungeon.
             The game lasted 00:07:03 (5142 turns).

MajorAdolf the Sneak (Naga Wanderer)                Turns: 5142, Time: 00:07:03

Health: -1/55      AC:  6    Str: 13    XL:     6   Next: 6%
Magic:  6/11       EV:  9    Int: 22    God:
Gold:   76         SH:  0    Dex: 10    Spells: 11/12 levels left

rFire    . . .     SeeInvis +   p - +2 dagger (holy)
rCold    . . .     Faith    .   (no shield)
rNeg     . . .     Spirit   .   b - +0 robe
rPois    +         Reflect  .   (no helmet)
rElec    .         Harm     .   (no cloak)
rCorr    .         Rampage  .   q - +2 pair of gloves
Will     .....                  (no barding)
Stlth    +++.......             (no amulet)
HPRegen  0.18/turn              e - +6 ring of intelligence
MPRegen  0.12/turn              (no ring)

@: very slow
A: AC +2, large, see invisible, deformed body, poison resistance, slowness 2,
spit poison 1, naga tail 1
a: Spit Poison


You were on level 3 of the Dungeon.
You visited 1 branch of the dungeon, and saw 3 of its levels.

You collected 76 gold pieces.

Inventory:

Hand Weapons
 a - a +0 club
 c - a +0 dagger
 i - a +0 short sword
 p - a +2 dagger of holy wrath (weapon)
Armour
 b - a +0 robe (worn)
 q - a +2 pair of gloves (worn)
 r - a +0 tower shield
Jewellery
 e - a +6 ring of intelligence (left hand)
 l - a ring of magical power
 s - a +6 ring of strength
Scrolls
 h - a scroll of noise {unknown}
 j - 3 scrolls of magic mapping {unknown}
 k - a scroll of fear {unknown}
 m - a scroll of identify {unknown}
 o - a scroll of fog {unknown}
Potions
 d - a potion of attraction {unknown}
 g - a potion of lignification {unknown}
 n - 2 potions of haste {unknown}
 t - 2 potions of cancellation {unknown}


   Skills:
 + Level 2.6 Fighting
 + Level 5.3 Stealth
 + Level 3.9 Spellcasting
 - Level 2.0 Hexes
 + Level 2.9 Translocations
 - Level 2.0 Air Magic


You had 11 spell levels left.
You knew the following spells:

 Your Spells              Type           Power      Damage    Failure   Level
a - Sting                 Tmut/Pois      16%        1d3       12%         1

Your spell library contained the following spells:

 Spells                   Type           Power      Damage    Failure   Level
 Blink                    Tloc           N/A        N/A       4%          2
 Slow                     Hex            13%        N/A       8%          2
 Gell's Gravitas          Tloc           8%         N/A       10%         3
 Lesser Beckoning         Tloc           8%         N/A       10%         3
 Teleport Other           Tloc           17%        N/A       10%         3
 Confusing Touch          Hex            13%        N/A       14%         3
 Dazzling Flash           Conj/Hex       16%        N/A       22%         3
 Spider Form              Tmut/Pois      2%         N/A       34%         3
 Vampiric Draining        Necr           2%         2d6       34%         3
 Iskenderun's Mystic Bla  Conj/Tloc      10%        2d4       52%         4
 Manifold Assault         Tloc           17%        N/A       67%         5
 Starburst                Conj/Fire      2%         8x6d3     100%        6


Dungeon Overview and Level Annotations

Branches:
Dungeon (3/15)

Altars:

Shops:
D:2 !


Innate Abilities, Weirdness & Mutations

Your serpentine skin is tough. (AC +2)
You have supernaturally acute eyesight. (SInv)
Armour fits poorly on your strangely shaped body.
Your system is resistant to poisons. (rPois)
You cover ground very slowly.
You can spit poison.
You have a snake-like lower body.


Message History

As you read the scroll labelled ACZAPS ESCHANUWK, it crumbles to dust.
You feel strangely unstable.
It was a scroll of teleportation.
The gnoll barely misses you. The hobgoblin completely misses you.
The hobgoblin hits you with a +0 club.
The gnoll hits you from afar with a +0 spear.
Your magical contamination has completely faded away.
Unknown command.
A goblin comes into view. It is wielding a +0 club.
The gnoll barely misses you.
Your surroundings seem slightly different.
You kill the gnoll!
The gnoll hits you from afar with a +0 spear.
* * * LOW HITPOINT WARNING * * *
There are monsters nearby!
Unknown command.
You are too injured to fight recklessly!
You are too injured to fight recklessly!
Unknown command.
You are too injured to fight recklessly!
Press: ? - help, Shift-Dir - straight line, f - goblin
Aim: a goblin, wielding a +0 club You fail to use your ability.
The gnoll hits you from afar with a +0 spear.
* * * LOW HITPOINT WARNING * * *
Unknown command.
The goblin shoots a stone.
The stone barely misses you. The gnoll barely misses you.
The goblin shouts!
The hobgoblin closely misses you. The gnoll hits you with a +0 spear.
* * * LOW HITPOINT WARNING * * *
The goblin closely misses you. The gnoll hits you with a +0 spear.
* * * LOW HITPOINT WARNING * * *
The goblin shoots a stone.
The stone barely misses you.
The stone barely misses the goblin.
The gnoll hits you with a +0 spear.
* * * LOW HITPOINT WARNING * * *
You hit the hobgoblin.
The hobgoblin is moderately wounded.
The goblin barely misses you. The goblin hits you but does no damage.
The gnoll hits you with a +0 spear.
You die...

######## ######## #
.#.....## ##......# .#
)'......###....)..#
..#
##.......#.....g..##'#
.))......#.....gg....#
.).......'.)..gg@g...#
.........#.....ggg...#
##.......#........##+#
))).....###.......#
.#.....## ##......#
#≈≈≈≈≈≈≈# ########
######### #≈≈≈≈≈≈≈# ≈
≈≈≈≈≈≈≈≈#####≈≈≈≈≈≈≈#
≈≈
≈≈≈≈≈≈≈≈≈≈≈≈≈≈≈≈≈≈≈≈#
≈
≈≈≈≈≈≈≈≈≈≈≈≈≈≈≈≈≈≈≈≈#


You could see 2 gnolls, 2 hobgoblins and 5 goblins.

Vanquished Creatures
  An ogre (D:3)
  Terence (D:2)
  3 gnolls (D:3)
  An adder (D:2)
  A dart slug (D:3)
  3 bats (D:1)
  5 endoplasms
  11 hobgoblins
  10 jackals
  2 kobolds
  3 quokkas
  6 ball pythons
  5 frilled lizards
  27 goblins
  2 rats (D:1)
81 creatures vanquished.

Notes
Turn   | Place    | Note
-------+----------+-------------------------------------------
     0 | D:1      | MajorAdolf the Naga Wanderer began the quest for the Orb.
     0 | D:1      | MajorAdolf set off with the following items: a +0 club, a
                  | +0 robe, a +0 dagger; and the following spell memorised:
                  | Sting; and the following spells available to memorise:
                  | Blink, Gell's Gravitas, Lesser Beckoning, Teleport Other,
                  | Spider Form, Manifold Assault
     0 | D:1      | Reached XP level 1. HP: 15/15 MP: 4/4
    31 | D:1      | Found a faded altar of an unknown god.
   624 | D:1      | Reached XP level 2. HP: 24/24 MP: 1/6
  1594 | D:1      | Reached skill level 1 in Fighting
  1652 | D:1      | Reached XP level 3. HP: 29/31 MP: 4/7
  2364 | D:2      | Found Suukhlom's Distillery.
  2374 | D:2      | Noticed Terence
  2381 | D:2      | Killed Terence
  2382 | D:2      | Reached skill level 4 in Stealth
  2382 | D:2      | Reached XP level 4. HP: 29/38 MP: 3/9
  3295 | D:3      | Noticed an ogre
  3317 | D:3      | Killed an ogre
  3318 | D:3      | Reached skill level 5 in Stealth
  3318 | D:3      | Reached XP level 5. HP: 27/45 MP: 0/10
  4994 | D:3      | Reached XP level 6. HP: 52/55 MP: 1/11
  5142 | D:3      | Slain by a gnoll

Illustrated notes

Levels and vault maps discovered:
D:1:      beargit_arrival_diablo_church, layout_rooms,
          shapermc_ecumenical_altar_starsandcircs
D:2:      layout_loops_ring, serial_shops, nicolae_square_shop, uniq_terence
D:3:      minmay_goblin_kobold_castle, layout_loops_ring, minmay_ogre_servants

Skill      XL: |  1  2  3  4 |
---------------+-------------+-----
Fighting       | 1 2 |  2.6
Stealth        | 4 5 |  5.3
Translocations | 2 |  2.9
Spellcasting   | |  3.9
Hexes          | |  2.0
Air Magic      | |  2.0

Action                   |  1- 3 |  4- 6 || total
-------------------------+-------+-------++-------
Melee: Club              |    12 |       ||    12
       Dagger            |    15 |    29 ||    44
 Cast: Sting             |    41 |   117 ||   158
 Abil: Spit Poison       |    15 |     6 ||    21
  Use: Scroll            |       |     1 ||     1
 Stab: Sleeping          |     2 |       ||     2
Armor: Robe              |     8 |    33 ||    41
Dodge: Dodged            |    26 |    64 ||    90
